 Dungeon Crawl Stone Soup version 0.27.1-1-g398f81649c (webtiles) character file.

Game seed: 15661888908714003614

35 funkygono the Magician (level 3, 0/25 HPs)
             Began as a Djinni Fire Elementalist on Sept 18, 2021.
             Slain by a worm (10 damage)
             ... on level 2 of the Dungeon.
             The game lasted 00:04:09 (2018 turns).

funkygono the Magician (Djinni Fire Elementalist)   Turns: 2018, Time: 00:04:09

Health: 0/25       AC:  3    Str:  7    XL:     3   Next: 52%
Gold:   40         EV: 12    Int: 17    God:
                   SH:  0    Dex: 13

rFire    + + .     SeeInvis .   g - +0 falchion
rCold    x . .     Faith    .   (no shield)
rNeg     . . .     Spirit   .   a - +1 robe
rPois    ∞         Reflect  .   (no helmet)
rElec    .         Harm     .   (no cloak)
rCorr    .         Rampage  .   (no gloves)
Will     .....                  (boots unavailable)
Stlth    ++........             (no amulet)
HPRegen  0.08/turn              (no ring)
MPRegen  0.00/turn              (no ring)

@: flying
A: sickness immunity, fire resistance 2, cold vulnerability 1, float, innate
caster, hp casting, extra vitality 1
a: no special abilities


You were on level 2 of the Dungeon.
You visited 1 branch of the dungeon, and saw 2 of its levels.

You collected 40 gold pieces.

Inventory:

Hand Weapons
 d - a +1 dagger of venom
 g - a +0 falchion (weapon)
Missiles
 b - 44 stones
Armour
 a - a +1 robe (worn)
Scrolls
 c - a scroll of fog
 e - 2 scrolls of brand weapon {unknown}
 f - a scroll of identify
Potions
 h - a potion of heal wounds


   Skills:
 + Level 2.3 Dodging
 - Level 1.5 Stealth
 * Level 3.3 Spellcasting


You couldn't memorise any spells.
You knew the following spells:

 Your Spells              Type           Power      Damage    Failure   Level
a - Foxfire               Conj/Fire      56%        2x1d6     4%          1
b - Conjure Flame         Conj/Fire      14%        6-21      13%         3
c - Inner Flame           Hex/Fire       14%        N/A       13%         3
d - Sticky Flame          Conj/Fire      14%        2d4       38%         4
e - Fireball              Conj/Fire      7%         3d5       75%         5
f - Pain                  Necr           56%        1d6       4%          1
Your spell library was empty.

Dungeon Overview and Level Annotations

Branches:
Dungeon (2/15)

Altars:


Innate Abilities, Weirdness & Mutations

You are immune to sickness and miasma.
You are immune to poison.
Your flesh is very heat resistant. (rF++)
You are vulnerable to cold. (rC-)
You float through the air rather than walking.
You learn spells naturally, not from books.
Your magical power is your life essence.
You have superior vitality. (+4 HP)


Message History

The bat hits you but does no damage. x2; The bat closely misses you.
Cast which spell? (? or * to list)
You conjure some foxfire!
The bat hits you but does no damage.
The foxfire hits the bat.
You kill the bat!
Your foxfire dissipates!
HP restored.
You see here a bat corpse.
Found a scroll labelled DUG TUOPAADDA.
e - 2 scrolls labelled DUG TUOPAADDA (gained 1)
Found an escape hatch in the floor.
A worm comes into view.
Casting: Foxfire (safe; 4% risk of failure)
Confirm with . or Enter, or press ? or * to list all spells.
You conjure some foxfire!
The foxfire hits the worm.
The worm is lightly wounded.
Casting: Foxfire (safe; 4% risk of failure)
Confirm with . or Enter, or press ? or * to list all spells.
You conjure some foxfire!
The foxfire hits the worm.
The worm is moderately wounded.
The worm bites you.
The foxfire hits the worm.
The worm is heavily wounded.
The foxfire hits the worm.
The worm is severely wounded.
You barely miss the worm.
The worm is severely wounded.
The worm bites you but does no damage.
You hit the worm.
The worm is severely wounded.
The worm bites you!
You barely miss the worm.
The worm is severely wounded.
The worm barely misses you.
You barely miss the worm.
The worm is severely wounded.
The worm bites you!
You die...

#####.#..#.#.# #.#..#.#.#
#.#.##.#.# #.#..#.#.#
#.####.#.# ## #......#.# ..
############.# ####.#
.............# #.w..#
############## #@###########
.# #.#..)......# .# .#
#.#.#######.# #.# .# #.#.#
#.# ##.#
.###############.#.##### #.#
...#
.................#.....# #.#
..#
######################.###.#
.[# #...#.####.#
#####.#.#....#


You could see a worm.

Vanquished Creatures
  5 orcs (D:2)
  An endoplasm (D:1)
  3 goblins
  4 hobgoblins
  2 jackals (D:1)
  A quokka (D:2)
  A ball python (D:1)
  2 bats
  3 frilled lizards (D:2)
  5 kobolds
  2 rats (D:1)
29 creatures vanquished.

Vanquished Creatures (others)
  83 foxfires
83 creatures vanquished.

Grand Total: 112 creatures vanquished

Notes
Turn   | Place    | Note
-------+----------+-------------------------------------------
     0 | D:1      | funkygono the Djinni Fire Elementalist began the quest for
                  | the Orb.
     0 | D:1      | Reached XP level 1. HP: 15/15 MP: 0/0
    56 | D:1      | Found a faded altar of an unknown god.
   379 | D:1      | Reached XP level 2. HP: 18/21 MP: 0/0
  1117 | D:2      | Reached skill level 3 in Spellcasting
  1441 | D:2      | Reached XP level 3. HP: 23/25 MP: 0/0
  1441 | D:2      | Learned a level 1 spell: Pain
  2018 | D:2      | Slain by a worm

Illustrated notes

Levels and vault maps discovered:
D:1:      psy_arrival_spokes, layout_loops_ring,
          hellmonk_ecumenical_altar_run_dry, minmay_misc_feat_chi
D:2:      layout_basic

Skill      XL: |  1  2 |
---------------+-------+-----
Spellcasting   | 3 |  3.3
Dodging        | |  2.3
Stealth        | |  1.5

Action                   || total
-------------------------++-------
Melee: Dagger            ||     1
       Falchion          ||     8
 Cast: Foxfire           ||    52
  Use: Scroll            ||     5
 Stab: Sleeping          ||     1
Armor: Robe              ||     8
Dodge: Dodged            ||    15
       Rpst.: Falchion   ||     3
